 Dungeon Sprint DCSS version 0.26-a0-651-gb41185065b (webtiles) character file.

Game seed: 11231300295972878684

746 sahdkjhfkaj the Destroyer (level 7, -3/41 HPs)
             Began as an Octopode Conjurer on Sept 29, 2020.
             Was a High Priest of Sif Muna.
             Succumbed to a black mamba's poison
             ... in the Dungeon (Sprint VII: "The Pits").
             The game lasted 00:02:47 (913 turns).

sahdkjhfkaj the Destroyer (Octopode Conjurer)        Turns: 913, Time: 00:02:48

Health: -3/41      AC:  1    Str:  6    XL:     7   Next: 77%
Magic:  14/18      EV: 13    Int: 23    God:    Sif Muna [*****.]
Gold:   0          SH:  0    Dex: 10    Spells: 6/21 levels left

rFire    . . .     SeeInvis .   m - +1 long sword (flame)
rCold    . . .     Faith    .   (no shield)
rNeg     . . .     Spirit   .   (helmet restricted)
rPois    .         Reflect  .   (no amulet)
rElec    .         Harm     .   (no ring)
rCorr    .         Rampage  .   (no ring)
MR       .....     NoTele   +   (no ring)
Stlth    +++.......             (no ring)
HPRegen  0.13/turn              (no ring)
MPRegen  0.16/turn              (no ring)
                                (no ring)
                                (no ring)

@: lethally poisoned (-3 -> -79)
A: almost no armour, stealthy swim, amphibious, 8 rings, constrict 8, camouflage
1, gelatinous body 1
a: Channel Magic, Forget Spell, Divine Exegesis, Renounce Religion


You were in the Dungeon.
You worshipped Sif Muna.
Sif Muna was extremely pleased with you.
You visited 1 branch

Inventory:

Hand Weapons
 m - a +1 long sword of flaming (weapon)
Scrolls
 f - 3 scrolls of remove curse
 h - 5 scrolls of amnesia
 i - a scroll of summoning
 j - 2 scrolls of vulnerability
Potions
 a - 2 potions of berserk rage
 b - 2 potions of invisibility
 c - 4 potions of heal wounds
 d - a potion of haste
 e - 4 potions of magic
 k - 5 potions of curing


   Skills:
 - Level 2.0 Dodging
 - Level 2.6 Stealth
 + Level 7.6 Spellcasting
 + Level 10.8 Conjurations
 * Level 7.1 Hexes
 * Level 7.1 Translocations


You had 6 spell levels left.
You knew the following spells:

 Your Spells              Type           Power        Failure   Level
a - Magic Dart            Conj           ####         1%          1
b - Searing Ray           Conj           ######       1%          2
c - Fulminant Prism       Conj/Hex       ######....   1%          4
d - Iskenderun's Mystic   Conj/Tloc      ######..     1%          4
s - Sticky Flame          Conj/Fire      ####....     8%          4

Your spell library contained the following spells:

 Spells                   Type           Power        Failure   Level
 Foxfire                  Conj/Fire      ####         1%          1
 Dazzling Flash           Conj/Hex       ######       1%          3
 Conjure Flame            Conj/Fire      ####....     2%          3
 Inner Flame              Hex/Fire       ####....     4%          3
 Fireball                 Conj/Fire      ####......   22%         5


Dungeon Overview and Level Annotations

Branches:
Dungeon (1/1)

Altars:
Ashenzari
Cheibriados
Dithmenos
Elyvilon
Fedhas
Gozag
Hepliaklqana
Kikubaaqudgha
Makhleb
Nemelex Xobeh
Okawaru
Qazlal
Ru
Sif Muna
Trog
Uskayaw
Vehumet
Wu Jian
Xom
Yredelemnul
Zin
The Shining One
Beogh
Jiyva
Lugonu


Innate Abilities, Weirdness & Mutations

You cannot wear most types of armour.
You are very stealthy in the water. (Stealth+)
You are amphibious.
You can wear up to eight rings at the same time.
You can use your tentacles to constrict eight enemies at once.
Your skin changes colour to match your surroundings (Stealth+).
Your rubbery body absorbs attacks. (AC +1, EV +1)


Message History

The sticky flame hits the black mamba!
The black mamba is moderately wounded.
The black mamba is covered in liquid flames!
You feel sick.
The black mamba burns!
The black mamba bites you!
You are lethally poisoned!
The black mamba poisons you! The black mamba bites you!
* * * LOW HITPOINT WARNING * * *
You are more poisoned.
The black mamba poisons you!
You feel much better.
You feel very sick.
The black mamba burns!
The black mamba bites you!!
* * * LOW HITPOINT WARNING * * *
You are more poisoned.
The black mamba poisons you! The black mamba bites you.
* * * LOW HITPOINT WARNING * * *
Unknown command.
Press: ? - help, Dir - move target cursor, p - black mamba
As you read the scroll of blinking, it crumbles to dust.
You die...

#.#..#...'.##.....
#.#..#...#.#####'#
#.#..#####(##.....
#.#..'...#†##.....
#.#..'...))##.....
#.#..########...<.
#÷#..'[))).##.....
#)#..#[))..##.....
#@###########.....
#[.#.#.## ######
#.......#
##.#.#.##
#.......#+#
##.#.#.##.+
#.......#S#
##.#.#..§.#
##########


There were no monsters in sight!

Vanquished Creatures
  A deep elf mage (D)
  A floating eye (D)
  2 bullfrogs (D)
  An orc priest (D)
  An iron imp (D)
  2 worker ants (D)
  A river rat (D)
  An ufetubus (D)
  An ooze (D)
  4 orcs (D)
  A giant cockroach (D)
  3 jackals (D)
  A kobold (D)
  A rat (D)
21 creatures vanquished.

Vanquished Creatures (others)
  4 fulminant prisms (D)
4 creatures vanquished.

Grand Total: 25 creatures vanquished

Notes
Turn   | Place    | Note
-------+----------+-------------------------------------------
     0 | D        | sahdkjhfkaj the Octopode Conjurer began the quest for the
                  | Orb.
     0 | D        | Reached XP level 1. HP: 11/11 MP: 3/3
    11 | D        | Noticed a worker ant
    19 | D        | Killed a worker ant
    19 | D        | Reached skill level 6 in Conjurations
    19 | D        | Reached XP level 2. HP: 13/17 MP: 2/6
    19 | D        | Reached XP level 3. HP: 17/21 MP: 2/8
   110 | D        | Learned a level 2 spell: Searing Ray
   115 | D        | Found a bloodstained altar of Trog.
   115 | D        | Found a shimmering blue altar of Sif Muna.
   115 | D        | Found a viscous altar of Jiyva.
   115 | D        | Found a hazy altar of Hepliaklqana.
   115 | D        | Found an opulent altar of Gozag.
   116 | D        | Found a glowing golden altar of the Shining One.
   116 | D        | Found a glowing silver altar of Zin.
   116 | D        | Found a basalt altar of Yredelemnul.
   116 | D        | Found a shimmering altar of Xom.
   116 | D        | Found an ornate altar of the Wu Jian Council.
   116 | D        | Found a sacrificial altar of Ru.
   116 | D        | Found a stormy altar of Qazlal.
   116 | D        | Found an iron altar of Okawaru.
   116 | D        | Found a sparkling altar of Nemelex Xobeh.
   116 | D        | Found a burning altar of Makhleb.
   116 | D        | Found a blossoming altar of Fedhas.
   116 | D        | Found a white marble altar of Elyvilon.
   116 | D        | Found a shadowy altar of Dithmenos.
   116 | D        | Found a snail-covered altar of Cheibriados.
   117 | D        | Found a radiant altar of Vehumet.
   117 | D        | Found a corrupted altar of Lugonu.
   117 | D        | Found a roughly hewn altar of Beogh.
   118 | D        | Found a hide-covered altar of Uskayaw.
   118 | D        | Found an ancient bone altar of Kikubaaqudgha.
   118 | D        | Found a broken altar of Ashenzari.
   121 | D        | Became a worshipper of Sif Muna the Loreminder
   160 | D        | HP: 1/21 [jackal (3)]
   169 | D        | Reached * piety under Sif Muna
   319 | D        | Reached ** piety under Sif Muna
   357 | D        | Noticed a floating eye
   365 | D        | Reached skill level 7 in Conjurations
   365 | D        | Reached XP level 4. HP: 27/27 MP: 5/10
   368 | D        | Killed a floating eye
   368 | D        | Reached *** piety under Sif Muna
   368 | D        | Reached skill level 9 in Conjurations
   368 | D        | Reached XP level 5. HP: 31/31 MP: 1/13
   517 | D        | Learned a level 4 spell: Fulminant Prism
   522 | D        | Learned a level 4 spell: Iskenderun's Mystic Blast
   530 | D        | Noticed a deep elf mage
   536 | D        | Reached XP level 6. HP: 25/36 MP: 12/15
   536 | D        | Reached **** piety under Sif Muna
   536 | D        | Reached skill level 10 in Conjurations
   541 | D        | Noticed a redback
   542 | D        | Killed a deep elf mage
   542 | D        | Reached ***** piety under Sif Muna
   542 | D        | Received a gift from Sif Muna
   542 | D        | Reached XP level 7. HP: 24/41 MP: 3/18
   879 | D        | Noticed a black mamba
   910 | D        | Learned a level 4 spell: Sticky Flame
   913 | D        | Succumbed to a black mamba's poison

Illustrated notes

Levels and vault maps discovered:
D:        pitsprint [storerooms_1, entrance_room_1, metal_vault_1, armoury_1,
          mini_pit_1, grid_room_1, main_hall_1, silver_pit, the_coven_2,
          the_vestibule_1, steel_vault_1, golden_pit, hallway_of_sentries,
          crystal_vault_4, iron_vault_4, final_vault]

Skill      XL: |  1  2  3  4  5  6 |
---------------+-------------------+-----
Spellcasting   | 3 4 6 7 |  7.6
Conjurations   | 6 7 9 10 | 10.8
Hexes          | 2 7 |  7.1
Translocations | 2 7 |  7.1
Dodging        | |  2.0
Stealth        | |  2.6

Action                   |  1- 3 |  4- 6 |  7- 9 || total
-------------------------+-------+-------+-------++-------
Melee: Unarmed           |    17 |       |       ||    17
       Constrict         |     3 |     1 |     1 ||     5
       Tentacles         |     3 |       |     1 ||     4
 Cast: Magic Dart        |     1 |       |       ||     1
       Searing Ray       |     4 |     3 |     1 ||     8
       Fulminant Prism   |       |     1 |     3 ||     4
       Iskenderun's Myst |       |       |     1 ||     1
       Sticky Flame      |       |       |     1 ||     1
  Use: Potion            |     3 |       |     1 ||     4
       Scroll            |       |       |     1 ||     1
Armor: Skin              |     3 |       |       ||     3
Dodge: Dodged            |    31 |     5 |     3 ||    39
       Rpst.: Long sword |       |     1 |     1 ||     2

Table legend: (Time is in decaauts)
 A = Elapsed time spent in this place.
 B = Non-inter-level travel time spent in this place.
 C = Inter-level travel time spent in this place.
 D = Time resting spent in this place.
 E = Time spent auto-exploring this place.
 F = Levels seen in this place.
 G = Mean time per level.
                   A        B        C        D        E       F      G
               +--------+--------+--------+--------+--------+-----+--------+
         Total |    920 |    899 |     21 |    613 |      0 |   1 |  920.0 |
       Dungeon |    920 |    899 |     21 |    613 |      0 |   1 |  920.0 |
               +--------+--------+--------+--------+--------+-----+--------+

Top non-repeatable levels by time:
       D: 920 daAuts
